 Dungeon Crawl Stone Soup version 0.28-a0-1616-g050a50673c (webtiles) character file.

Game seed: 7295566945844549089

8059 fragbeetle the Basher (level 11, -3/109 HPs)
             Began as a Troll Berserker on Jan 22, 2022.
             Was a High Priest of Trog.
             Slain by a meliai simulacrum (15 damage)
             ... on level 10 of the Dungeon on Jan 23, 2022.
             The game lasted 00:22:36 (8474 turns).

fragbeetle the Basher (Troll Berserker)             Turns: 8474, Time: 00:22:36

Health: -3/109     AC:  5    Str: 33    XL:     11   Next: 4%
Magic:  10/10      EV: 11    Int:  5    God:    Trog [*****.]
Gold:   525        SH:  0    Dex: 11    Spells: 10/10 levels left

rFire   . . .      SeeInvis .   A - +3 morningstar (freeze)
rCold   . . .      Faith    .   (no shield)
rNeg    . . .      Spirit   .   b - +1 animal skin
rPois   .          Reflect  .   (helmet restricted)
rElec   .          Harm     .   z - scarf {+Inv}
rCorr   .          Rampage  .   (gloves unavailable)
Will    .....                   (boots unavailable)
Stlth   +.........              (no amulet)
HPRegen 1.08/turn               q - +6 ring of strength
MPRegen 0.12/turn               (no ring)

@: no status effects
A: large, unfitting armour, claws 3, regeneration 1, shaggy fur 1, tough skin 1
a: Renounce Religion, Evoke Invisibility, Berserk, Trog's Hand, Brothers in Arms


You were on level 10 of the Dungeon.
You worshipped Trog.
Trog was extremely pleased with you.
You visited 2 branches of the dungeon, and saw 11 of its levels.

You collected 570 gold pieces.
You spent 45 gold pieces at shops.

Inventory:

Hand Weapons
 g - a +0 vorpal flail
 w - a +0 eveningstar
 A - a +3 morningstar of freezing (weapon)
 D - a +2 dire flail of venom
Missiles
 j - 13 poisoned darts
 n - 8 curare-tipped darts
 p - 6 boomerangs (quivered)
 t - 3 large rocks
Armour
 b - a +1 animal skin (worn)
 z - a scarf of invisibility (worn)
Jewellery
 q - a +6 ring of strength (left claw)
 v - a ring of fire
Wands
 r - a wand of flame (60)
 x - a wand of iceblast (9)
 B - a wand of charming (5)
 C - a wand of paralysis (1)
Scrolls
 e - a scroll of amnesia {unknown}
 f - a scroll of enchant armour
 h - 6 scrolls of identify {unknown}
 i - 2 scrolls of magic mapping
 l - a scroll of silence {unknown}
 y - a scroll of fear
 E - a scroll of enchant weapon {unknown}
 F - a scroll of noise {unknown}
Potions
 a - 2 potions of haste {unknown}
 c - 2 potions of curing
 d - 4 potions of mutation {unknown}
 k - 2 potions of heal wounds {unknown}
 m - 5 potions of flight {unknown}
 o - a potion of might {unknown}
 s - a potion of brilliance {unknown}


   Skills:
 + Level 7.6 Fighting
 * Level 11.5 Maces & Flails
 * Level 4.9 Throwing
 - Level 6.0 Dodging


You had 10 spell levels left.
You didn't know any spells.
Your spell library was empty.

Dungeon Overview and Level Annotations

Branches:
Dungeon (10/15)            Temple (1/1) D:6            Lair (0/6) D:10
    Orc: D:9-12

Altars:
Cheibriados
Hepliaklqana
Nemelex Xobeh
Ru
Sif Muna
Uskayaw
Xom
Zin

Shops:
D:7 *

Annotations:
D:6 2 transporters


Innate Abilities, Weirdness & Mutations

You are too large for most types of armour.
You have claws for hands.
Your natural rate of healing is unusually fast.
You are covered in fur. (AC +1)
You have tough skin. (AC +1)


Message History

The splash of acid hits you!! The acid corrodes you!
A centaur zombie comes into view.
The meliai simulacrum hits you. The meliai simulacrum freezes you!!
The meliai simulacrum barely misses you.
The wolf barely misses you. The wolf barely misses you.
You puncture the wolf! You freeze the wolf.
The wolf is almost dead.
The wolf closely misses you. The wolf bites you!
You closely miss the wolf.
The wolf is almost dead.
The wolf bites you! The wolf closely misses you. The wolf bites you.
You sock the wolf! You freeze the wolf.
You kill the wolf!
Trog accepts your kill. The wolf bites you! The meliai simulacrum hits you.
The meliai simulacrum freezes you!
* * * LOW HITPOINT WARNING * * *
The meliai simulacrum hits you!
* * * LOW HITPOINT WARNING * * *
The meliai simulacrum freezes you!
* * * LOW HITPOINT WARNING * * *
You feel better. The wolf bites you.
* * * LOW HITPOINT WARNING * * *
The meliai simulacrum barely misses you.
The meliai simulacrum hits you.
* * * LOW HITPOINT WARNING * * *
The meliai simulacrum freezes you!
* * * LOW HITPOINT WARNING * * *
The wolf closely misses you.
Blink to where?
Press: ? - help, Dir - move target
As you read the scroll of blinking, it crumbles to dust.
You are no longer corroded.
Okay, then.
You feel better. The meliai simulacrum hits you.
* * * LOW HITPOINT WARNING * * *
The meliai simulacrum freezes you!
You die...

###.##.##......#.......#
....
....#...#.######...##.##
.#.# ....##.##.#
#...##.# .....#.#..#
#.Z.#... ..........#
#h..#....
...#......######...#
...##'###......#...#
...#....#......#Z..#
...#....#......#@..#
...'....'......'...#
#########......#####
########


You could see a wolf, a meliai simulacrum and a centaur zombie.

Vanquished Creatures
  Harold (D:8)
  2 two-headed ogres
  A komodo dragon (D:10)
  Psyche (D:9)
  Prince Ribbit (D:8)
  A wyvern (D:9)
  7 yaks
  An acid dragon (D:10)
  2 water moccasins (D:7)
  2 black bears (D:5)
  An orc warrior (D:9)
  3 ice beasts
  An ogre (D:6)
  A sky beast (D:8)
  A wolf (D:10)
  A centaur (D:8)
  2 kobold brigands
  2 phantoms
  5 bullfrogs
  A wyvern zombie (D:5)
  5 scorpions
  A wyvern skeleton (D:7)
  10 killer bees
  14 wights
  An electric eel (D:7)
  2 centaur zombies (D:9)
  7 hounds
  4 orc priests
  Jessica (D:3)
  10 orc wizards
  2 iguanas
  2 hound zombies (D:5)
  2 hound skeletons
  3 howler monkey zombies
  11 gnolls
  11 adders
  A shadow imp (D:6)
  5 white imps
  5 dart slugs
  30 orcs
  9 endoplasms
  3 giant cockroaches
  3 goblins
  5 hobgoblins
  7 jackals
  17 kobolds
  3 quokkas
  8 ball pythons
  A bat (D:2)
  2 frilled lizards
  8 rats
230 creatures vanquished.

Vanquished Creatures (others)
  34 fungi (D:10)
  41 plants
75 creatures vanquished.

Grand Total: 305 creatures vanquished

Notes
Turn   | Place    | Note
-------+----------+-------------------------------------------
     0 | D:1      | fragbeetle the Troll Berserker began the quest for the Orb.
     0 | D:1      | Reached XP level 1. HP: 22/22 MP: 0/0
   142 | D:1      | Reached skill level 3 in Maces & Flails
   142 | D:1      | Reached XP level 2. HP: 29/29 MP: 1/1
   324 | D:1      | Found a faded altar of an unknown god.
   580 | D:1      | Reached XP level 3. HP: 36/36 MP: 2/2
   803 | D:2      | Reached ** piety under Trog
  1087 | D:2      | Reached XP level 4. HP: 44/44 MP: 3/3
  1311 | D:2      | Reached skill level 4 in Maces & Flails
  1424 | D:2      | You fall into a shaft and drop 1 floor!
  1444 | D:3      | Reached XP level 5. HP: 43/53 MP: 4/4
  1674 | D:3      | Noticed an ice beast
  1683 | D:3      | Killed an ice beast
  1684 | D:3      | Reached XP level 6. HP: 61/61 MP: 5/5
  1755 | D:3      | Noticed Jessica
  1759 | D:3      | Killed Jessica
  1851 | D:3      | Reached skill level 5 in Maces & Flails
  1943 | D:3      | Found a snail-covered altar of Cheibriados.
  2561 | D:4      | Noticed an ice beast
  2571 | D:4      | Killed an ice beast
  2713 | D:4      | Reached XP level 7. HP: 66/68 MP: 6/6
  2969 | D:5      | Entered Level 5 of the Dungeon
  3035 | D:5      | Found a hazy altar of Hepliaklqana.
  3053 | D:5      | Reached *** piety under Trog
  3119 | D:5      | Reached skill level 6 in Maces & Flails
  3639 | D:6      | Found a staircase to the Ecumenical Temple.
  3646 | Temple   | Entered the Ecumenical Temple
  3686 | D:6      | Reached XP level 8. HP: 76/79 MP: 7/7
  3951 | D:6      | Reached skill level 7 in Maces & Flails
  4007 | D:6      | Found a transporter.
  4007 | D:6      | Noticed a gargoyle
  4012 | D:6      | Found a transporter.
  4033 | D:6      | Found a hide-covered altar of Uskayaw.
  4034 | D:6      | Found a sparkling altar of Nemelex Xobeh.
  4132 | D:6      | Found a shimmering altar of Xom.
  4179 | D:6      | Reached skill level 5 in Fighting
  4205 | D:6      | Reached skill level 5 in Dodging
  4208 | D:6      | Found a sacrificial altar of Ru.
  4512 | D:7      | Found Vywedeile's Serpentskin Sales.
  4577 | D:7      | Bought 3 curare-tipped darts for 19 gold pieces
  4577 | D:7      | Bought 6 poisoned darts for 26 gold pieces
  4710 | D:7      | Reached skill level 8 in Maces & Flails
  4821 | D:7      | Reached XP level 9. HP: 88/88 MP: 8/8
  5667 | D:8      | Reached **** piety under Trog
  5673 | D:8      | Reached skill level 9 in Maces & Flails
  5929 | D:8      | Noticed Prince Ribbit
  5957 | D:8      | Killed Prince Ribbit
  6177 | D:8      | Found a glowing silver altar of Zin.
  6246 | D:8      | Noticed Harold
  6258 | D:8      | Killed Harold
  6259 | D:8      | Reached skill level 10 in Maces & Flails
  6259 | D:8      | Reached XP level 10. HP: 73/100 MP: 9/9
  6591 | D:9      | Identified the +0 robe of Lust {Harm *Slow MP+9}
  6742 | D:9      | Noticed a two-headed ogre
  6752 | D:9      | Killed a two-headed ogre
  6761 | D:9      | Noticed Psyche
  7006 | D:9      | Found a shimmering blue altar of Sif Muna.
  7079 | D:9      | Killed Psyche
  7139 | D:9      | Reached skill level 11 in Maces & Flails
  7148 | D:9      | Reached ***** piety under Trog
  7556 | D:10     | Entered Level 10 of the Dungeon
  8135 | D:10     | Found a staircase to the Lair.
  8315 | D:10     | Noticed a two-headed ogre
  8397 | D:10     | Killed a two-headed ogre
  8398 | D:10     | Reached XP level 11. HP: 79/109 MP: 10/10
  8468 | D:10     | HP: 1/109 [meliai simulacrum (13)]
  8474 | D:10     | Slain by a meliai simulacrum

Illustrated notes

Levels and vault maps discovered:
D:1:      eino_arrival_druids_welcome, layout_basic,
          ebering_ecumenical_altar_mist
D:2:      layout_rooms, kennysheep_generic_room_7
D:3:      layout_loops_ring, kennysheep_slug_shrine, uniq_jessica
D:4:      layout_basic
D:5:      layout_rooms, mainiacjoe_overflow_chevrons
D:6:      layout_basic, mainiacjoe_overflow_alcove_2,
          gammafunk_temple_overflow_arena, marbit_many_paths,
          minmay_temple_entry_arrows
D:7:      layout_basic, minivault_27, fountainhead, guppyfry_shop_venom
D:8:      layout_cave_pods, zin_statuary, grunt_tough_drop, uniq_harold,
          uniq_prince_ribbit1
D:9:      layout_irregular_city, mainiacjoe_overflow_surrounded_room,
          serial_bayou_pond_c, uniq_psyche
D:10:     layout_gridville, nzn_wu_jian_contemplation,
          due_lair_maze_entry_diamond, serial_ice, serial_ice_i, serial_ice_b,
          serial_ice_e, serial_ice_d, uniq_joseph
Temple:   oiseaux_autumnal_temple

Skill      XL: |  1  2  3  4  5  6  7  8  9 10 |
---------------+-------------------------------+-----
Maces & Flails | 3 4 5 6 8 10 11 | 11.5
Fighting       | 3 4 5 6 7 |  7.6
Dodging        | 3 4 5 6 |  6.0
Throwing       | 4 |  4.9

Action                   |  1- 3 |  4- 6 |  7- 9 | 10-12 || total
-------------------------+-------+-------+-------+-------++-------
Melee: Mace              |   126 |    63 |       |       ||   189
       Punch             |     2 |     2 |     5 |     6 ||    15
       Flail             |       |   118 |   252 |       ||   370
       Morningstar       |       |       |    85 |   147 ||   232
Throw: Boomerang         |       |       |     6 |       ||     6
       Dart              |       |       |     8 |     2 ||    10
Invok: Berserk           |     2 |     7 |     5 |     1 ||    15
       Trog's Hand       |       |     3 |     3 |     1 ||     7
Evoke: Wand              |       |       |       |     3 ||     3
  Use: Scroll            |       |       |       |     6 ||     6
       Potion            |       |       |       |     3 ||     3
 Stab: Sleeping          |     1 |       |     1 |       ||     2
       Paralysed         |       |       |       |     3 ||     3
Armor: Animal skin       |    47 |    40 |    60 |    36 ||   183
Dodge: Dodged            |    78 |    95 |   164 |    53 ||   390

Table legend: (Time is in decaauts)
 A = Elapsed time spent in this place.
 B = Non-inter-level travel time spent in this place.
 C = Inter-level travel time spent in this place.
 D = Time resting spent in this place.
 E = Time spent auto-exploring this place.
 F = Levels seen in this place.
 G = Mean time per level.
                   A        B        C        D        E       F      G
               +--------+--------+--------+--------+--------+-----+--------+
         Total |   8690 |   8466 |    224 |   1990 |   4139 |  11 |  790.0 |
       Dungeon |   8680 |   8456 |    224 |   1990 |   4139 |  10 |  868.0 |
        Temple |     10 |     10 |      0 |      0 |      0 |   1 |   10.0 |
               +--------+--------+--------+--------+--------+-----+--------+

Top non-repeatable levels by time:
     D:8: 1506 daAuts
     D:3: 1012 daAuts
     D:7: 941 daAuts
     D:9: 847 daAuts
    D:10: 829 daAuts
     D:1: 807 daAuts
     D:6: 786 daAuts
     D:2: 702 daAuts
     D:5: 654 daAuts
     D:4: 591 daAuts
  Temple: 10 daAuts
